 Dungeon Crawl Stone Soup version 0.26-a0-1129-gc5df7fbe6a (webtiles) character file.

Game seed: 13853385591818165953

12242 sahdkjhfkaj the Grappler (level 11, -4/172 HPs)
             Began as a Troll Berserker on Dec 18, 2020.
             Was a High Priest of Trog.
             Slain by an orc warrior
             ... wielding a +2 trident of flaming
              (11 damage)
             ... on level 11 of the Dungeon on Dec 19, 2020.
             The game lasted 00:20:23 (10321 turns).

sahdkjhfkaj the Grappler (Troll Berserker)         Turns: 10321, Time: 00:20:24

Health: -4/172     AC: 29    Str: 29    XL:     11   Next: 59%
Magic:  10/10      EV:  1    Int:  4    God:    Trog [*****.]
Gold:   704        SH:  0    Dex:  9    Spells: 10/10 levels left

rFire    . . .     SeeInvis .     - Unarmed
rCold    . . .     Faith    .   (no shield)
rNeg     + + +     Spirit   .   (armour currently unavailable)
rPois    +         Reflect  .   (helmet currently unavailable)
rElec    .         Harm     .   (cloak currently unavailable)
rCorr    .         Rampage  .   (gloves unavailable)
Will     ++...     NoTele   +   (boots unavailable)
Stlth    +.........             (no amulet)
HPRegen  1.78/turn              m - ring of poison resistance
MPRegen  0.12/turn              o - +4 ring of protection

@: tree-form, regenerating
A: large, unfitting armour, regeneration 1
a: Renounce Religion, Berserk, Trog's Hand, Brothers in Arms


You were on level 11 of the Dungeon.
You worshipped Trog.
Trog was extremely pleased with you.
You were a tree.
You visited 2 branches of the dungeon, and saw 12 of its levels.

You collected 704 gold pieces.

Inventory:

Hand Weapons
 h - the +5 scythe "Finisher" {speed, eviscerate}
   (You found it on level 10 of the Dungeon)

   Attacks with this weapon are significantly faster.
Missiles
 f - 167 stones (quivered)
Armour
 k - a +0 troll leather armour (melded)
 C - a +0 cloak (melded)
Jewellery
 j - the ring "Puotaibu" {Will+ Dex+7 Stlth+}
   (You found it on level 4 of the Dungeon)

   [ring of willpower]

   It affects your dexterity (+7).
   It affects your willpower, your defense against some magical effects.
   It makes you more stealthy.
 m - a ring of poison resistance (left branch)
 o - a +4 ring of protection (right branch)
 t - an uncursed ring of stealth
 u - an uncursed ring of ice
Wands
 e - a wand of flame (15)
 g - a wand of paralysis (3)
 B - a wand of random effects (13)
Scrolls
 s - a scroll of remove curse
Potions
 b - a potion of cancellation
 c - 2 potions of attraction
 d - 3 potions of ambrosia
 i - a potion of lignification
 l - a potion of flight {unknown}
 n - 7 potions of curing
 p - a potion of berserk rage {unknown}
 q - 3 potions of brilliance {unknown}
 r - 3 potions of heal wounds {unknown}
 v - 2 potions of haste
 z - 2 potions of magic {unknown}


   Skills:
 + Level 9.4 Fighting
 - Level 10.0 Throwing
 - Level 2.4 Dodging
 + Level 11.1 Unarmed Combat


You had 10 spell levels left.
You didn't know any spells.
Your spell library was empty.

Dungeon Overview and Level Annotations

Branches:
Dungeon (11/15)            Temple (1/1) D:4            Lair (0/6) D:11
    Orc: D:9-12

Altars:
Ashenzari
Cheibriados
Dithmenos
Elyvilon
Fedhas
Gozag
Hepliaklqana
Kikubaaqudgha
Makhleb
Nemelex Xobeh
Okawaru
Qazlal
Ru
Sif Muna
Trog
Uskayaw
Vehumet
Wu Jian
Xom
Yredelemnul
Zin
The Shining One
Lugonu

Annotations:
D:6 2 electric bois
D:7 exclusion: upstairs
D:11 2 runed translucent doors, belegose's ghost, journeyman DrCj


Innate Abilities, Weirdness & Mutations

You are too large for most types of armour.
((You have claws for hands.))
Your natural rate of healing is unusually fast.
((You are covered in fur. (AC +1)))
((You have extremely tough skin. (AC +3)))


Message History

You turn into a tree.
Your +0 cloak melds into your body.
Your +0 troll leather armour melds into your body.
Your roots penetrate the ground.
The centaur hits you but does no damage.
The orc hits you but does no damage. x2
The orc wizard looks braver for a moment.
The orc warrior hits you from afar with a +2 trident of flaming.
* * * LOW HITPOINT WARNING * * *
The orc warrior burns you.
* * * LOW HITPOINT WARNING * * *
Your skin crawls.
You feel strong-willed.
The centaur hits you but does no damage.
The orc hits you but does no damage.
The centaur hits you but does no damage.
The orc barely misses you.
The orc wizard hits you with a +0 dagger.
* * * LOW HITPOINT WARNING * * *
The orc warrior hits you from afar with a +2 trident of flaming!
You die...

.................# ..
.)...............#
#.)[.##....##....#
#.)..#............
#.).÷#............
#....#............
#....#.......... .
#.#..#..############....
..#.......(.(((o♣c......
..#.............oo......
..#.^.........o.........
..#.....................
..#.....................
..#.....................
########################


You could see an orc warrior, a centaur, an orc wizard and 2 orcs.

Vanquished Creatures
  5 two-headed ogres
  A sixfirhy (D:7)
  An unseen horror (D:11)
  2 trolls
  A wyvern (D:9)
  4 wraiths (D:10)
  8 yaks
  4 orc warriors
  A phantom (D:7)
  An ice beast (D:11)
  A black bear (D:10)
  2 eyes of draining
  4 sky beasts
  A necrophage (D:7)
  3 ogres
  4 centaurs
  2 big kobolds
  5 bullfrogs
  A gnoll sergeant (D:8)
  5 scorpions
  10 killer bees
  A howler monkey (D:5)
  9 wights (D:10)
  A crimson imp (D:7)
  A quasit (D:7)
  A bullfrog zombie (D:9)
  A centaur zombie (D:8)
  2 centaur skeletons
  An orc priest (D:5)
  4 bullfrog skeletons
  6 hounds
  2 jellies
  4 orc wizards
  Terence (D:2)
  8 iguanas
  12 worker ants
  3 hound zombies
  6 hound skeletons
  A howler monkey zombie (D:10)
  9 gnolls
  A howler monkey skeleton (D:9)
  16 adders
  3 shadow imps
  A white imp (D:10)
  7 ufetubi
  An ooze (D:6)
  An adder skeleton (D:5)
  An adder zombie (D:5)
  6 worms
  A dart slug (D:1)
  4 leopard geckos
  38 orcs
  7 giant cockroaches
  7 goblins
  7 hobgoblins
  15 jackals
  13 kobolds
  5 quokkas
  3 ball pythons
  5 bats
  2 frilled lizards
  A leopard gecko skeleton (D:8)
  A quokka zombie (D:6)
  15 rats
300 creatures vanquished.

Vanquished Creatures (collateral kills)
  A boulder beetle (D:11)
  An orc warrior (D:7)
  4 killer bees (D:11)
  2 orc wizards (D:7)
8 creatures vanquished.

Grand Total: 308 creatures vanquished

Notes
Turn   | Place    | Note
-------+----------+-------------------------------------------
     0 | D:1      | sahdkjhfkaj the Troll Berserker began the quest for the
                  | Orb.
     0 | D:1      | Reached XP level 1. HP: 22/22 MP: 0/0
   136 | D:1      | Reached skill level 1 in Throwing
   136 | D:1      | Reached XP level 2. HP: 28/29 MP: 1/1
   250 | D:1      | Reached XP level 3. HP: 33/36 MP: 2/2
   251 | D:1      | Reached ** piety under Trog
  1069 | D:2      | Found a glowing golden altar of the Shining One.
  1078 | D:2      | Reached XP level 4. HP: 43/44 MP: 3/3
  1210 | D:2      | Found a radiant altar of Vehumet.
  1210 | D:2      | Found a shadowy altar of Dithmenos.
  1275 | D:2      | Noticed Terence
  1281 | D:2      | Killed Terence
  1379 | D:3      | Found a bloodstained altar of Trog.
  1510 | D:3      | Reached XP level 5. HP: 53/53 MP: 4/4
  1569 | D:3      | Reached *** piety under Trog
  1596 | D:3      | Reached skill level 4 in Unarmed Combat
  2229 | D:4      | Found a staircase to the Ecumenical Temple.
  2262 | D:4      | Got a clouded marble ring
  2519 | D:4      | Reached XP level 6. HP: 59/61 MP: 5/5
  2996 | D:4      | Found an iron altar of Okawaru.
  3077 | D:4      | Identified the ring "Puotaibu" {Will+ Dex+7 Stlth+} (You
                  | found it on level 4 of the Dungeon)
  3081 | Temple   | Entered the Ecumenical Temple
  3223 | D:5      | Entered Level 5 of the Dungeon
  3571 | D:5      | Reached XP level 7. HP: 60/68 MP: 6/6
  3733 | D:5      | Reached skill level 5 in Throwing
  3733 | D:5      | Reached skill level 5 in Unarmed Combat
  3871 | D:5      | Found a glowing silver altar of Zin.
  3903 | D:6      | Found a burning altar of Makhleb.
  3927 | D:6      | Reached **** piety under Trog
  4203 | D:5      | Reached XP level 8. HP: 54/79 MP: 7/7
  4388 | D:6      | Found a sacrificial altar of Ru.
  4715 | D:6      | Found a broken altar of Ashenzari.
  4967 | D:7      | Reached skill level 6 in Unarmed Combat
  5257 | D:7      | Reached skill level 5 in Fighting
  5301 | D:7      | Found a bloodstained altar of Trog.
  5463 | D:7      | Found a burning altar of Makhleb.
  5508 | D:7      | Found a runed translucent door.
  5508 | D:7      | Noticed a sixfirhy
  5670 | D:7      | Killed a sixfirhy
  5671 | D:7      | Reached XP level 9. HP: 59/89 MP: 8/8
  5889 | D:6      | Noticed a rust devil
  5889 | D:6      | Noticed a rust devil
  5980 | D:8      | Noticed a two-headed ogre
  5986 | D:7      | Reached skill level 7 in Unarmed Combat
  6089 | D:8      | HP: 4/87 [orc/+0 club (7)]
  6096 | D:7      | Killed a two-headed ogre
  6649 | D:8      | Noticed a two-headed ogre
  6652 | D:8      | Reached XP level 10. HP: 90/100 MP: 9/9
  6657 | D:8      | Reached ***** piety under Trog
  6666 | D:8      | Killed a two-headed ogre
  6667 | D:8      | Reached skill level 8 in Unarmed Combat
  6804 | D:8      | Noticed a moth of wrath
  6807 | D:8      | Found a bloodstained altar of Trog.
  7095 | D:9      | Found a hide-covered altar of Uskayaw.
  7124 | D:9      | Reached skill level 10 in Throwing
  7247 | D:9      | Found a shimmering altar of Xom.
  7571 | D:9      | Noticed a two-headed ogre
  7577 | D:9      | Killed a two-headed ogre
  7578 | D:9      | Reached skill level 9 in Unarmed Combat
  7612 | D:9      | Noticed a two-headed ogre
  7623 | D:9      | Killed a two-headed ogre
  7654 | D:9      | Noticed a two-headed ogre
  7665 | D:9      | Killed a two-headed ogre
  7794 | D:9      | Found a shimmering blue altar of Sif Muna.
  7914 | D:9      | Found an opulent altar of Gozag.
  7914 | D:9      | Found a sparkling altar of Nemelex Xobeh.
  8143 | D:10     | Entered Level 10 of the Dungeon
  8155 | D:9      | Reached XP level 11. HP: 111/111 MP: 10/10
  8363 | D:10     | Reached skill level 10 in Unarmed Combat
  8378 | D:10     | Found the +5 scythe "Finisher" {speed, eviscerate}
  8537 | D:10     | Received a gift from Trog
  9405 | D:11     | Found a staircase to the Lair.
  9618 | D:11     | Killed an unseen horror
  9658 | D:11     | Found a runed translucent door.
  9669 | D:11     | Found a corrupted altar of Lugonu.
  9678 | D:11     | Noticed a boulder beetle
  9687 | D:11     | Found a runed translucent door.
  9693 | D:11     | Killed a boulder beetle
  9761 | D:11     | Noticed belegose's ghost (journeyman DrCj)
  9762 | D:11     | Noticed a lich
  9763 | D:11     | Noticed a necromancer
  9763 | D:11     | Noticed a skeletal warrior
  9763 | D:11     | Noticed a tengu reaver
  9763 | D:11     | Noticed an ice dragon
 10056 | D:11     | Reached skill level 11 in Unarmed Combat
 10319 | D:11     | HP: 5/115 [orc warrior/+2 trident of flaming (3)]
 10321 | D:11     | Slain by an orc warrior

Illustrated notes

Levels and vault maps discovered:
D:1:      psy_arrival_basics, layout_loops_ring
D:2:      layout_rooms, gammafunk_temple_overflow_pools, tso_altar, uniq_terence
D:3:      layout_loops_ring, lightli_temple_of_fire
D:4:      minmay_recursive_quarters, layout_basic, kennysheep_mini,
          minmay_temple_entry_statues_fountains
D:5:      layout_loops_ring, zin_treasury, dk_vineyard_1,
          hangedman_decor_peaks_small
D:6:      cheibrodos_iron_armory, layout_cave_pools, old_standard_altar,
          nicolae_ru_sacrificial_ziggurat, basic_altar, minivault_14,
          nicolae_ashenzari_panopticon
D:7:      cheibrodos_shockbox, layout_loops_corners, makhleb_grotto_becter,
          minmay_misc_feat_enclosed, trog_butcher_becter
D:8:      layout_basic, tgw_trog
D:9:      layout_roguey, grunt_temple_overflow_opulence, kennysheep_little_box,
          old_standard_altar, nicolae_overflow_crystal_walls
D:10:     layout_roguey, minmay_misc_feat_tiny, hangedman_abyss_or_decor_stabs,
          minmay_guarded_unrand_finisher
D:11:     gammafunk_corrupted_shrine, layout_grid_maze, lair_entry_dummy,
          muffindrake_ghost_dual_entry
Temple:   nicolae_temple_figure_zero

Skill      XL: |  1  2  3  4  5  6  7  8  9 10 11 |
---------------+----------------------------------+-----
Throwing       | 1 2 3 4 5 8 9 10 | 10.0
Fighting       | 3 4 5 6 8 9 |  9.4
Unarmed Combat | 4 5 6 7 9 11 | 11.1
Dodging        | |  2.4

Action                   |  1- 3 |  4- 6 |  7- 9 | 10-12 || total
-------------------------+-------+-------+-------+-------++-------
Melee: Unarmed           |    89 |   171 |   252 |   345 ||   857
       Punch             |     1 |     1 |     6 |    16 ||    24
Throw: Stone             |    16 |    16 |       |    10 ||    42
Invok: Berserk           |     1 |     2 |     3 |     5 ||    11
       Brothers in Arms  |       |       |     1 |     2 ||     3
       Trog's Hand       |       |       |       |     1 ||     1
Evoke: Wand              |       |       |     1 |     2 ||     3
  Use: Scroll            |       |     9 |     5 |     5 ||    19
       Potion            |       |       |     1 |     1 ||     2
 Stab: Sleeping          |     1 |     1 |     7 |     3 ||    12
       Paralysed         |       |       |     1 |       ||     1
Armor: Animal skin       |    33 |    55 |    74 |   101 ||   263
       Skin              |       |       |    16 |     6 ||    22
       Troll leather arm |       |       |       |    82 ||    82
Dodge: Dodged            |    41 |    78 |   154 |   250 ||   523

Table legend: (Time is in decaauts)
 A = Elapsed time spent in this place.
 B = Non-inter-level travel time spent in this place.
 C = Inter-level travel time spent in this place.
 D = Time resting spent in this place.
 E = Time spent auto-exploring this place.
 F = Levels seen in this place.
 G = Mean time per level.
                   A        B        C        D        E       F      G
               +--------+--------+--------+--------+--------+-----+--------+
         Total |  10332 |  10010 |    322 |   1702 |   6428 |  12 |  861.0 |
       Dungeon |  10215 |   9903 |    312 |   1702 |   6321 |  11 |  928.6 |
        Temple |    117 |    107 |     10 |      0 |    107 |   1 |  117.0 |
               +--------+--------+--------+--------+--------+-----+--------+

Top non-repeatable levels by time:
     D:7: 1403 daAuts
     D:9: 1271 daAuts
     D:5: 1181 daAuts
    D:10: 1174 daAuts
     D:4: 1001 daAuts
     D:1: 858 daAuts
    D:11: 826 daAuts
     D:8: 746 daAuts
     D:3: 733 daAuts
     D:2: 519 daAuts
     D:6: 496 daAuts
  Temple: 117 daAuts
